 Dungeon Crawl Stone Soup version 0.21.1-1-g345015fe64 (webtiles) character file.

9970 Naru the Markscentaur (level 11, -11/92 HPs)
             Began as a Centaur Hunter on June 8, 2018.
             Was a High Priest of Okawaru.
             Mangled by a yak (13 damage)
             ... on level 10 of the Dungeon.
             The game lasted 00:49:47 (17138 turns).

Naru the Markscentaur (Centaur Hunter)             Turns: 17138, Time: 00:49:47

Health: -11/92     AC: 10    Str: 16    XL:     11   Next: 30%
Magic:  11/11      EV: 11    Int: 10    God:    Okawaru [*****.]
Gold:   567        SH:  0    Dex: 15    Spells: 10/10 levels left

rFire    . . .     SeeInvis .   t - +3 shortbow (freeze)
rCold    . . .     Gourm    .   (shield currently unavailable)
rNeg     . . .     Faith    .   r - +2 ring mail {rPois}
rPois    +         Spirit   .   (no helmet)
rElec    .         Reflect  .   (no cloak)
rCorr    .         Harm     .   q - +2 pair of gloves {Dex+3}
MR       .....                  (no barding)
Stlth    ..........             (no amulet)
HPRegen  0.25/turn              (no ring)
MPRegen  0.12/turn              (no ring)

@: very quick
A: large, hooves 3, deformed body, speed 2, tough skin 3
a: Heroism, Finesse, Renounce Religion


You were on level 10 of the Dungeon.
You worshipped Okawaru.
Okawaru was extremely pleased with you.
You were not hungry.

You visited 2 branches of the dungeon, and saw 11 of its levels.

You collected 567 gold pieces.

Inventory:

Hand Weapons
 h - a +3 short sword of venom
 t - a +3 shortbow of freezing (weapon)
Missiles
 d - 73 arrows (quivered)
 g - 100 sling bullets
 i - 69 bolts
 A - 11 poisoned needles
Armour
 q - a +2 pair of gloves of dexterity (worn)
 r - a +2 ring mail of poison resistance (worn)
Jewellery
 e - an uncursed amulet of magic regeneration
 y - an uncursed ring of magical power
 D - an uncursed amulet of regeneration
Wands
 a - a wand of iceblast (16)
 o - a wand of acid (11)
 v - a wand of scattershot (4)
 C - a wand of flame (21)
 E - a wand of enslavement (12)
 G - a wand of random effects (27)
 I - a wand of digging (12)
 J - a wand of disintegration (14)
 K - a wand of clouds (7)
Scrolls
 b - 2 scrolls of blinking
 c - 6 scrolls of teleportation
 j - 2 scrolls of immolation
 p - a scroll of enchant armour
 x - a scroll of noise
 z - 4 scrolls of remove curse
 F - a scroll of fear
 L - a scroll of torment {unknown}
Potions
 k - 4 potions of curing
 l - a potion of haste {unknown}
 m - 2 potions of degeneration
 n - a potion of brilliance
 s - a potion of cancellation {unknown}
 u - 2 potions of lignification {unknown}
 w - 2 potions of heal wounds
 B - a potion of mutation {unknown}
Books
 H - a book of Maledictions

   Spells                             Type                      Level
   a - Corona                         Hexes                        1
   b - Ensorcelled Hibernation        Hexes/Ice                    2
   c - Confuse                        Hexes                        3
   d - Tukima's Dance                 Hexes                        3
   e - Dazzling Spray                 Conjuration/Hexes            3
 M - a book of Dreams

   Spells                             Type                      Level
   a - Ensorcelled Hibernation        Hexes/Ice                    2
   b - Borgnjor's Vile Clutch         Necromancy/Earth             5
   c - Silence                        Hexes/Air                    5
   d - Darkness                       Hexes                        6
   e - Shadow Creatures               Summoning                    6
Comestibles
 f - 7 rations


   Skills:
 + Level 7.5 Fighting
 * Level 6.0 Short Blades
 * Level 15.9 Bows
 - Level 4.8 Throwing
 - Level 0.8 Armour
 * Level 5.1 Dodging
 - Level 0.4 Stealth


You had 10 spell levels left.
You didn't know any spells.

Dungeon Overview and Level Annotations

Branches:
Dungeon (10/15)            Temple (1/1) D:7             Orc (0/2) D:9
   Lair: D:8-11

Altars:
Ashenzari
Cheibriados
Dithmenos
Elyvilon
Fedhas
Gozag
Hepliaklqana
Kikubaaqudgha
Makhleb
Nemelex Xobeh
Okawaru
Qazlal
Ru
Sif Muna
Trog
Uskayaw
Vehumet
Wu Jian
Xom
Yredelemnul
Zin
The Shining One


Innate Abilities, Weirdness & Mutations

You have hooves in place of feet.
Armour fits poorly on your strangely shaped body.
You cover ground very quickly.
You have extremely tough skin. (AC +3)


Message History

You shoot an arrow. The arrow barely misses the yak.
The yak closely misses you. The yak gores you! x2
Firing (i - inventory):
d - 74 arrows (quivered)
Press: ? - help, Shift-Dir - straight line, f/p - yak
Aim: a yak (almost dead)
You shoot an arrow. The arrow hits the yak.
The arrow freezes the yak.
You kill the yak!
Okawaru accepts your kill.
Your Short Blades skill increases to level 6!
The yak gores you!
* * * LOW HITPOINT WARNING * * *
The yak gores you!
* * * LOW HITPOINT WARNING * * *
The yak barely misses you. The yak closely misses you.
There is a stone staircase leading up, spattered with blood here.
You see here 6 arrows.
The yak gores you!
* * * LOW HITPOINT WARNING * * *
The yak gores you!
You die...

######### #.......#
#(.@YY..# #.YYYo..#
#.......# .. #..))...#
... ######....######
...###...##....###..##
..........#.....#....#
..........#.....'....#
..........#.....#o...#


You could see 5 yaks and an orc.

Vanquished Creatures
  A two-headed ogre (D:8)
  Erica (D:9)
  The ghost of Ethylacetat the Carver, a novice DsCK of Xom (D:9)
  Pikel (D:5)
  Joseph (D:9)
  A gargoyle (D:10)
  3 yaks (D:10)
  A steam dragon (D:9)
  2 vampire mosquitoes
  Grum (D:9)
  2 water moccasins (D:8)
  A porcupine (D:10)
  6 orc warriors
  4 slaves (D:5)
  3 ice beasts
  A necrophage (D:4)
  5 ogres
  A phantom (D:8)
  4 sky beasts
  2 wolves
  6 centaurs
  4 bullfrogs
  A wyvern zombie (D:8)
  5 scorpions
  9 killer bees
  7 wights
  A crimson imp (D:9)
  2 centaur zombies
  8 hounds
  2 centaur skeletons
  12 orc priests
  4 jellies
  14 orc wizards
  4 iguanas
  5 worker ants
  3 hound skeletons
  A howler monkey zombie (D:5)
  A worker ant zombie (D:9)
  7 gnolls
  5 adders
  3 shadow imps
  2 oozes (D:4)
  An adder skeleton (D:6)
  2 worms
  A dart slug (D:1)
  6 leopard geckos
  60 orcs
  3 ball pythons
  6 giant cockroaches
  9 hobgoblins
  5 jackals
  13 kobolds
  2 quokkas
  6 bats
  6 frilled lizards
  6 goblins
  A quokka skeleton (D:4)
  14 rats
289 creatures vanquished.

Vanquished Creatures (others)
  A wizard (D:6)
  A fungus (D:10)
2 creatures vanquished.

Grand Total: 291 creatures vanquished

Notes
Turn   | Place    | Note
-------+----------+-------------------------------------------
     0 | D:1      | Naru the Centaur Hunter began the quest for the Orb.
     0 | D:1      | Reached XP level 1. HP: 17/17 MP: 1/1
   119 | D:1      | Reached XP level 2. HP: 23/24 MP: 2/2
   678 | D:1      | Reached XP level 3. HP: 30/30 MP: 3/3
   898 | D:1      | Reached skill level 6 in Bows
  1606 | D:2      | Found a bloodstained altar of Trog.
  1791 | D:2      | Reached XP level 4. HP: 24/37 MP: 4/4
  2262 | D:3      | Reached skill level 1 in Short Blades
  2351 | D:3      | Reached XP level 5. HP: 9/44 MP: 5/5
  2853 | D:3      | Found a glowing silver altar of Zin.
  3794 | D:3      | Reached skill level 1 in Throwing
  4243 | D:4      | Found a blossoming altar of Fedhas.
  4243 | D:4      | Noticed a centaur
  4341 | D:4      | Killed a centaur
  4341 | D:4      | Reached XP level 6. HP: 23/51 MP: 6/6
  5176 | D:4      | Got an ancient scale mail
  5181 | D:4      | Got a faintly humming robe
  5841 | D:4      | Reached XP level 7. HP: 25/54 MP: 7/7
  5921 | D:4      | Found an ancient bone altar of Kikubaaqudgha.
  6542 | D:5      | Entered Level 5 of the Dungeon
  6547 | D:5      | Reached skill level 7 in Bows
  6973 | D:4      | Reached skill level 8 in Bows
  6976 | D:4      | HP: 1/59 [something (5)]
  7494 | D:4      | Reached XP level 8. HP: 67/67 MP: 8/8
  7675 | D:5      | Noticed Pikel
  7710 | D:5      | Killed Pikel
  7710 | D:5      | Reached skill level 9 in Bows
  8018 | D:5      | Reached skill level 10 in Bows
  8273 | D:5      | Found a glowing golden altar of the Shining One.
  8292 | D:5      | Found an ornate altar of the Wu Jian Council.
  8498 | D:6      | Found a shadowy altar of Dithmenos.
  8633 | D:6      | Reached skill level 11 in Bows
  8873 | D:6      | Reached XP level 9. HP: 73/73 MP: 9/9
  9045 | D:6      | Found a deep blue altar of Sif Muna.
  9127 | D:6      | Reached skill level 5 in Fighting
  9141 | D:6      | Found a bloodstained altar of Trog.
  9145 | D:6      | Noticed a wizard
  9154 | D:6      | Killed a wizard
 10015 | D:7      | Reached skill level 12 in Bows
 10481 | D:7      | Found a staircase to the Ecumenical Temple.
 10490 | Temple   | Entered the Ecumenical Temple
 10565 | Temple   | Became a worshipper of Warmaster Okawaru
 10863 | D:8      | Found a glowing silver altar of Zin.
 10875 | D:8      | Reached * piety under Okawaru
 10878 | D:8      | Found a shimmering altar of Xom.
 10878 | D:8      | Found an opulent altar of Gozag.
 10887 | D:8      | Found a burning altar of Makhleb.
 10887 | D:8      | Found a hide-covered altar of Uskayaw.
 10887 | D:8      | Found a stormy altar of Qazlal.
 10946 | D:8      | Reached skill level 13 in Bows
 10970 | D:8      | Noticed a two-headed ogre
 10977 | D:8      | Killed a two-headed ogre
 10977 | D:8      | Reached ** piety under Okawaru
 10977 | D:8      | Reached XP level 10. HP: 83/83 MP: 10/10
 11077 | D:8      | Found a shadowy altar of Dithmenos.
 11100 | D:8      | Found an opulent altar of Gozag.
 11307 | D:8      | Reached skill level 14 in Bows
 11381 | D:8      | Found a shattered altar of Ashenzari.
 12092 | D:9      | Noticed Joseph
 12247 | D:9      | Killed Joseph
 12247 | D:9      | Reached *** piety under Okawaru
 12816 | D:9      | Noticed Ethylacetat's ghost (novice DsCK)
 13196 | D:9      | Killed Ethylacetat's ghost
 13196 | D:9      | Reached skill level 5 in Short Blades
 13196 | D:9      | Reached skill level 15 in Bows
 13209 | D:8      | Reached **** piety under Okawaru
 13591 | D:9      | Noticed Grum
 13597 | D:9      | Killed Grum
 15164 | D:9      | Noticed Erica
 15184 | D:9      | Killed Erica
 15184 | D:9      | Reached XP level 11. HP: 43/92 MP: 11/11
 16057 | D:9      | Found a staircase to the Orcish Mines.
 16320 | D:10     | Entered Level 10 of the Dungeon
 16391 | D:10     | Reached skill level 5 in Dodging
 16588 | D:10     | Received a gift from Okawaru
 16986 | D:10     | Reached ***** piety under Okawaru
 17100 | D:10     | Received a gift from Okawaru
 17138 | D:10     | HP: 2/92 [yak (7)]
 17138 | D:10     | Mangled by a yak

Skill      XL: |  1  2  3  4  5  6  7  8  9 10 11 |
---------------+----------------------------------+-----
Bows           | 6 8 11 13 15 | 15.9
Short Blades   | 1 2 3 4 5 6 |  6.0
Dodging        | 2 3 4 5 |  5.1
Fighting       | 3 4 5 7 |  7.5
Throwing       | 2 4 |  4.8
Armour         | |  0.8
Stealth        | |  0.4

Action                   |  1- 3 |  4- 6 |  7- 9 | 10-12 || total
-------------------------+-------+-------+-------+-------++-------
Melee: Short sword       |    41 |    50 |       |    57 ||   148
       Kick              |     8 |    27 |     6 |    18 ||    59
       Blowgun           |       |    50 |    28 |       ||    78
       Shortbow          |       |       |     1 |       ||     1
 Fire: Shortbow          |    91 |     8 |   331 |   450 ||   880
       Blowgun           |       |   171 |    38 |       ||   209
Evoke: Wand              |       |       |       |     1 ||     1
  Use: Scroll            |     7 |    12 |    11 |     2 ||    32
       Potion            |       |     2 |     3 |     2 ||     7
  Eat: Ration            |     1 |     3 |     3 |     5 ||    12
       Chunk             |       |       |     2 |       ||     2
Armor: Leather armour    |    24 |    12 |       |       ||    36
       Ring mail         |       |   101 |    75 |    98 ||   274
Dodge: Dodged            |    36 |   126 |    71 |   142 ||   375
